 Dungeon Crawl Stone Soup version 0.29.1-1-gd02db69 (webtiles) character file.

Game seed: 9584955345942448582

22 bonegar the Sneak (level 2, -4/22 HPs)
             Began as a Naga Enchanter on Mar 20, 2023.
             Killed from afar by a dart slug (5 damage)
             ... with a slug dart
             ... on level 2 of the Dungeon.
             The game lasted 00:07:54 (2645 turns).

bonegar the Sneak (Naga Enchanter)                  Turns: 2645, Time: 00:07:54

Health: -4/22      AC:  1    Str:  7    XL:     2   Next: 91%
Magic:  0/5        EV: 10    Int: 14    God:
Gold:   23         SH:  0    Dex: 15    Spells: 3/5 levels left

rFire   . . .      SeeInvis +   a - +1 dagger
rCold   . . .      Faith    .   (no shield)
rNeg    . . .      Spirit   +   b - +0 robe
rPois   +          Reflect  .   (no helmet)
rElec   .          Harm     .   (no cloak)
rCorr   .          Rampage  .   (no gloves)
Will    .....                   (no barding)
Stlth   +++.......              l - amulet of guardian spirit
HPRegen 0.07/turn               (no ring)
MPRegen 0.09/turn               (no ring)

@: very slow
A: AC +0, large, see invisible, deformed body, poison resistance, slowness 2,
spit poison 1, naga tail 1, agile 1, weak 1
a: Spit Poison


You were on level 2 of the Dungeon.
You visited 1 branch of the dungeon, and saw 2 of its levels.

You collected 23 gold pieces.

Inventory:

Hand Weapons
 a - a +1 dagger (weapon)
Armour
 b - a +0 robe (worn)
Jewellery
 g - an amulet of faith
 l - an amulet of guardian spirit (around neck)
Scrolls
 d - a scroll of poison {unknown}
 e - a scroll of enchant weapon {unknown}
 f - a scroll of identify {unknown}
 h - a scroll of enchant armour {unknown}
 i - a scroll of vulnerability {unknown}
 j - a scroll of teleportation {unknown}
 k - a scroll of silence {unknown}
Potions
 c - a potion of invisibility


   Skills:
 + Level 0.2 Fighting
 + Level 1.2 Short Blades
 + Level 1.7 Dodging
 + Level 5.1 Stealth
 + Level 2.1 Spellcasting
 + Level 3.2 Hexes


You had 3 spell levels left.
You knew the following spells:

 Your Spells              Type           Power      Damage    Failure   Level
a - Ensorcelled Hibernat  Hex/Ice        10%        N/A       19%         2

Your spell library contained the following spells:

 Spells                   Type           Power      Damage    Failure   Level
 Confusing Touch          Hex            10%        N/A       19%         3
 Tukima's Dance           Hex            10%        N/A       19%         3
 Dazzling Flash           Conj/Hex       10%        N/A       36%         3


Dungeon Overview and Level Annotations

Branches:
Dungeon (2/15)

Altars:


Innate Abilities, Weirdness & Mutations

Your serpentine skin is tough. (AC +0)
You have supernaturally acute eyesight. (SInv)
Armour fits poorly on your strangely shaped body.
Your system is resistant to poisons. (rPois)
You cover ground very slowly.
You can spit poison.
You have a snake-like lower body.
You are agile. (Dex +4, Str/Int -1)
You are weak. (Str -2)


Message History

Casting: Ensorcelled Hibernation (safe; 19% risk of failure)
Confirm with . or Enter, or press ? or * to list all spells.
Aiming: Ensorcelled Hibernation (safe; 19% risk of failure)
Press: ? - help, Shift-Dir - straight line, f/p - worm
Aim: a worm (chance to affect: 48%)
The worm resists with some effort.
Casting: Ensorcelled Hibernation (safe; 19% risk of failure)
Confirm with . or Enter, or press ? or * to list all spells.
You don't have enough magic to cast this spell.
Unknown command.
The worm closely misses you.
You barely miss the worm. The worm bites you.
You barely miss the worm. You hit the worm.
The worm is lightly wounded.
The dart slug launches a dart at you. The slug dart misses you.
The worm bites you.
You hit the worm.
The worm is moderately wounded.
You completely miss the worm.
The worm is moderately wounded.
The dart slug launches a dart at you. The slug dart hits you.
The worm closely misses you.
You hit the worm.
The worm is moderately wounded.
The dart slug launches a dart at you. The slug dart hits you.
You hit the worm.
The worm is moderately wounded.
The worm closely misses you.
You hit the worm but do no damage.
The worm is moderately wounded.
The dart slug launches a dart at you. The slug dart misses you.
The worm bites you!
* * * LOW HITPOINT WARNING * * *
You hit the worm.
The worm is moderately wounded.
The dart slug launches a dart at you. The slug dart hits you.
You die...

.. #.# #.# ###.##..
... #.... .# ..
####.#.##.# ..
#.......#.###. .#
#...w@..#..... ..#
#...?....# .##...#
...........##.......
###w..?....#))# #
#..........#.....#
#......$<....###.#
####.###..#### #.
#..# #. #..#


You could see a worm and a dart slug.

Vanquished Creatures
  2 endoplasms
  A goblin (D:1)
  4 hobgoblins
  2 jackals (D:1)
  5 kobolds
  A quokka (D:1)
  A bat (D:1)
  3 frilled lizards (D:1)
19 creatures vanquished.

Notes
Turn   | Place    | Note
-------+----------+-------------------------------------------
     0 | D:1      | bonegar the Naga Enchanter began the quest for the Orb.
     0 | D:1      | Reached XP level 1. HP: 15/15 MP: 3/3
   849 | D:1      | Reached XP level 2. HP: 17/22 MP: 5/5
   915 | D:1      | Learned a level 2 spell: Ensorcelled Hibernation
  1098 | D:1      | Reached skill level 5 in Stealth
  2278 | D:2      | Gained mutation: You are weak. (Str -2) [potion of
                  | mutation]
  2278 | D:2      | Gained mutation: You are agile. (Dex +4, Str/Int -1)
                  | [potion of mutation]
  2644 | D:2      | HP: 1/22 [worm (8)]
  2645 | D:2      | Killed from afar by a dart slug

Illustrated notes

Levels and vault maps discovered:
D:1:      psy_arrival_radial02, layout_basic
D:2:      layout_loops_ring, basic_ecumenical_altar, uniq_jessica

Skill      XL: |  1  2 |
---------------+-------+-----
Stealth        | 5 |  5.1
Fighting       | |  0.2
Short Blades   | |  1.2
Dodging        | |  1.7
Spellcasting   | |  2.1
Hexes          | |  3.2

Action                   || total
-------------------------++-------
Melee: Dagger            ||    96
 Cast: Ensorcelled Hiber ||     3
  Use: Potion            ||     2
 Stab: Sleeping          ||     2
       Invisible         ||     1
Armor: Robe              ||     7
Dodge: Dodged            ||    52
